 Dungeon Crawl Stone Soup version bcrawl-1.21.3 (webtiles) character file.

Game seed: 10202762346388586085

37 Flugslaktarn the Sneak (level 3, -4/23 HPs)
             Began as a Skeleton Archaeologist on Mar 29, 2020.
             Slain by a sky beast (5 damage)
             ... on level 2 of the Dungeon.
             The game lasted 00:00:42 (1315 turns).

Flugslaktarn the Sneak (Skeleton Archaeologist)     Turns: 1315, Time: 00:00:43

Health: -4/23      AC:  7    Str: 17 (18) XL:     3   Next: 23%
Magic:  0/3        EV: 12    Int: 12      God:
Gold:   95         SH:  0    Dex:  6 (7)  Spells: 2/2 levels left

rFire    . . .     SeeInvis .   m - +2 dagger (speed)
rCold    + . .     Gourm    .   (no shield)
rNeg     + + +     Faith    .   b - +1 robe
rPois    ∞         Spirit   +   c - +1 hat
rElec    .         Reflect  .   (no cloak)
rCorr    .         Harm     .   i - +0 pair of gloves
MR       .....                  d - +1 pair of boots
Stlth    ++........             (no amulet)
HPRegen  0.07/turn              (no ring)
MPRegen  0.08/turn              (no ring)

@: no status effects
A: no food or potions, cold resistance 1, deterioration 1, negative energy
resistance 3, torment resistance, unbreathing, magic shield, sturdy frame 1,
spell healing
a: no special abilities


You were on level 2 of the Dungeon.
You were not hungry.

You visited 1 branch of the dungeon, and saw 2 of its levels.

You collected 95 gold pieces.

Inventory:

Hand Weapons
 a - a +0 whip
 m - a +2 dagger of speed (weapon)
   (You took it off a goblin on level 1 of the Dungeon)
Armour
 b - a +1 robe (worn)
 c - a +1 hat (worn)
 d - a +1 pair of boots (worn)
 i - a +0 pair of gloves (worn)
   (You found it on level 1 of the Dungeon)
Scrolls
 e - a scroll of magic mapping
 g - a scroll of fear {unknown}
 h - 2 scrolls of identify {unknown}
 j - a scroll of blinking {unknown}
 k - a scroll of teleportation {unknown}
 l - 2 scrolls of fog {unknown}
Miscellaneous
 f - a dusty tome


   Skills:
 + Level 3.2 Fighting
 - Level 1.2 Maces & Flails
 - Level 3.0 Dodging
 - Level 3.6 Stealth


You had 2 spell levels left.
You didn't know any spells.
Your spell library was empty.

Dungeon Overview and Level Annotations

Branches:
Dungeon (2/12)

Altars:


Innate Abilities, Weirdness & Mutations

You do not eat or drink.
You are immune to poison.
Your flesh is cold resistant. (rC+)
Your body sometimes deteriorates upon taking damage.
You are immune to negative energy. (rN+++)
You are immune to unholy pain and torment.
You can survive without breathing.
When hurt, damage is shared between your health and your magic reserves.
Your movements are slightly less encumbered by armour. (ER -2)
Casting spells heals you.


Message History

Something hits you. Something shocks you.
The giant cockroach bites you but does no damage.
You barely miss the giant cockroach.
The giant cockroach is heavily wounded.
The rat bites you but does no damage. The giant cockroach barely misses you.
Something hits you. Something shocks you.
* * * LOW HITPOINT WARNING * * *
You are too injured to fight recklessly!
You are too injured to fight recklessly!
You are too injured to fight recklessly!
You are too injured to fight recklessly!
You are too injured to fight recklessly!
You are too injured to fight recklessly!
You are too injured to fight recklessly!
You are too injured to fight recklessly!
You are too injured to fight recklessly!
Something hits you.
* * * LOW HITPOINT WARNING * * *
Something shocks you.
You die...

#)##.# #..... #####
#.##.. #.....# #...#
#.#### #?....# #...#
#..... #.....# #...#
#..### #.....# #...#
##..##. #.....# #...#
#......
###....)###...#####..###.
.......{@.'.......)......
##...†r###...#####......
#....s# #...# #.......#
####### #...# #........
##### #.......# #######.#
#.. ... #..


You could see a giant cockroach and a rat.

Vanquished Creatures
  3 dart slugs
  A leopard gecko (D:1)
  A ball python (D:1)
  8 goblins
  3 hobgoblins
  A quokka (D:1)
  5 bats
  2 frilled lizards (D:1)
  3 kobolds
  A rat (D:1)
28 creatures vanquished.

Notes
Turn   | Place    | Note
-------+----------+-------------------------------------------
     0 | D:1      | Flugslaktarn the Skeleton Archaeologist began the quest for
                  | the Orb.
     0 | D:1      | Reached XP level 1. HP: 12/12 MP: 1/1
   390 | D:1      | Reached XP level 2. HP: 12/17 MP: 2/2
  1217 | D:2      | Reached XP level 3. HP: 23/23 MP: 3/3
  1300 | D:2      | Noticed a sky beast
  1315 | D:2      | HP: 1/23 [something (2)]
  1315 | D:2      | Slain by a sky beast

Skill      XL: |  1  2 |
---------------+-------+-----
Fighting       | 2 3 |  3.2
Maces & Flails | |  1.2
Dodging        | |  3.0
Stealth        | |  3.6

Action                   || total
-------------------------++-------
Melee: Whip              ||    77
       Dagger            ||    42
 Stab: Sleeping          ||     4
Armor: Robe              ||    50
Dodge: Dodged            ||    85
